 Dungeon Crawl Stone Soup version 0.19-a0-687-g35db334 (webtiles) character file.

16749 LORDOFBUTT the Cleaver (level 12, -1/94 HPs)
             Began as a Demonspawn Gladiator on June 19, 2016.
             Was an Initiate of Gozag.
             Slain by a nine-headed hydra (6 damage)
             ... on level 2 of the Lair of Beasts.
             The game lasted 00:25:11 (11099 turns).

LORDOFBUTT the Cleaver (Demonspawn Gladiator)      Turns: 11099, Time: 00:25:11

Health: -1/94      AC: 17    Str: 16    XL:     12   Next: 12%
Magic:  0/16       EV: 19    Int: 12    God:    Gozag
Gold:   736        SH:  0    Dex: 24    Spells: 0 memorised, 11 levels left

rFire  x . .     SeeInvis .     Z - +4 broad axe (freeze)
rCold  + . .     Gourm    .     s - +0 swamp dragon armour
rNeg   . . .     Faith    .     (no shield)
rPois  +         Spirit   +     (helmet restricted)
rElec  .         Dismiss  .     A - +0 cloak
rCorr  +         Reflect  .     l - +1 pair of gloves
SustAt .         Harm     .     G - +0 pair of boots
MR     .....                    (no amulet)
Stlth  +++.......               W - ring of Pride {Ice Dex+6}
                                k - +5 ring of slaying

@: not resistant to hostile enchantments, fairly stealthy
A: hooves 1, horns 2, yellow scales 3, clever 1, demonic guardian 1, magic
shield, magic regeneration
a: Potion Petition, Call Merchant, Bribe Branch, Renounce Religion


You were on level 2 of the Lair of Beasts.
You worshipped Gozag.
Gozag was noncommittal.
You were not hungry.

You visited 2 branches of the dungeon, and saw 14 of its levels.
You also visited: Labyrinth.

You collected 2618 gold pieces.
You spent 148 gold pieces at shops.
You paid 1734 gold pieces to Gozag.

Inventory:

Hand Weapons
 c - a +2 glaive of venom
 Z - a +4 broad axe of freezing (weapon)
Missiles
 d - 6 throwing nets (quivered)
 I - 4 tomahawks of returning
Armour
 l - a +1 pair of gloves (worn)
 s - a +0 swamp dragon armour (worn)
 A - a +0 cloak (worn)
 G - a +0 pair of boots (worn)
 M - a +2 scale mail of magic resistance
Jewellery
 b - an uncursed amulet of magic regeneration {unknown}
 k - a +5 ring of slaying (left hand)
 z - an uncursed ring of positive energy
 F - an uncursed ring of sustain attributes
 W - the ring of Pride (right hand) {Ice Dex+6}
   (You found it on level 10 of the Dungeon)

   [ring of ice]

   It enhances your ice magic, and weakens your fire magic.
   It affects your dexterity (+6).
   It makes you vulnerable to fire.
   It protects you from cold.
Wands
 E - a wand of polymorph (16/24)
 J - a wand of iceblast (1/15)
 O - a wand of slowing (21/48)
 R - a wand of paralysis (15/24)
 T - a wand of disintegration (5/24)
Scrolls
 a - 2 scrolls of identify
 m - a scroll of amnesia
 p - 3 scrolls of remove curse
 w - a scroll of magic mapping
 x - a scroll of fear
 y - 2 scrolls of recharging
 B - a scroll of immolation
 D - 2 scrolls of noise
 N - 3 scrolls of teleportation
Potions
 e - 2 potions of mutation
 g - 2 potions of cancellation
 h - 4 potions of curing
 j - 5 potions of haste
 o - 4 potions of flight
 t - 2 potions of agility
 C - 4 potions of brilliance
 H - 2 potions of lignification {unknown}
 P - a potion of invisibility {unknown}
 V - a potion of resistance {unknown}
 X - a potion of berserk rage
Comestibles
 f - 8 bread rations
 i - 6 meat rations
 L - a royal jelly
 Y - 8 fruits


   Skills:
 + Level 8.6 Fighting
 + Level 10.9 Axes
 + Level 2.0 Throwing
 + Level 5.2 Armour
 + Level 9.1 Dodging
 + Level 5.8 Stealth
 * Level 6.3 Evocations


You had 11 spell levels left.
You didn't know any spells.

Dungeon Overview and Level Annotations

Branches:
Dungeon (12/15)            Temple (0/1) D:7            Lair (2/6) D:10
 Spider (0/4) Lair:2          Orc (0/2) D:11
  Swamp: Lair:2-4    Shoals: Lair:2-4

Altars:
Fedhas
Gozag
Hepliaklqana
Kikubaaqudgha
Makhleb
Nemelex Xobeh
Okawaru
Pakellas
Sif Muna
Vehumet
Xom

Shops:
D:5 [   D:9 ?   D:10 (   Lair:2 [


Innate Abilities, Weirdness & Mutations

You have a pair of horns on your head.
You are completely covered in yellow scales. (AC +4, rCorr)
A weak demonic guardian rushes to your aid.
When hurt, damage is shared between your health and your magic reserves.
You regenerate magic rapidly.
You have large cloven feet.
Your mind is acute. (Int +2)


Message History

The nine-headed hydra bites you.
* * * LOW HITPOINT WARNING * * *
The nine-headed hydra bites you!
* * * LOW HITPOINT WARNING * * *
The nine-headed hydra bites you but does no damage.
The nine-headed hydra bites you.
* * * LOW HITPOINT WARNING * * *
The nine-headed hydra bites you but does no damage. x2
The nine-headed hydra closely misses you.
The nine-headed hydra bites you but does no damage.
The nine-headed hydra bites you but does no damage.
The nine-headed hydra closely misses you.
The nine-headed hydra barely misses you.
The nine-headed hydra bites you.
* * * LOW HITPOINT WARNING * * *
The nine-headed hydra closely misses you.
The nine-headed hydra barely misses you.
The nine-headed hydra bites you.
You die...
Your body crumbles into a pile of gold.

...(.##.......## # .
....#....#.##.P### .
.##.###..###.....## ..
...##...##......#####..
#...........<......#...
#.P................###
##.................#.
###...............#.
##@...............# #
#..D.............## #.#
##P............####
#..#######........#...##.
#.......................
#........$..............
#...#........####.##PP..
#..#......##### ####....
#. ##.......# ###.#.....


You could see a nine-headed hydra.

Vanquished Creatures
  A minotaur (Lab)
  A wizard (D:11)
  2 hill giants (D:10)
  Pikel (D:9)
  The ghost of Bane13 the Stinger, a novice DsVM (D:9)
  2 ugly things (D:11)
  A cyclops (D:11)
  A spiny frog (Lair:1)
  A gargoyle (D:11)
  A komodo dragon (Lair:1)
  A demonic crawler (Lair:2)
  A troll (D:11)
  A spriggan (D:7)
  23 yaks
  A hungry ghost (D:10)
  3 water moccasins
  The ghost of mkbehr the Gusty, an amateur TeAE of Uskayaw (D:4)
  3 porcupines (Lair:1)
  A sky beast (D:7)
  2 ice beasts
  7 orc warriors
  3 ogres
  3 phantoms
  2 slaves (D:9)
  A necrophage (D:10)
  3 centaurs
  2 crocodiles (Lair:1)
  3 big kobolds
  9 giant frogs
  A wyvern skeleton (D:7)
  6 scorpions
  6 killer bees (D:10)
  10 wights
  A howler monkey (D:6)
  2 electric eels (D:11)
  4 crimson imps
  2 centaur zombies
  A giant frog zombie (D:11)
  9 hounds
  A centaur skeleton (D:4)
  2 giant frog skeletons
  5 orc priests
  4 iguanas
  12 orc wizards
  6 worker ants
  3 worker ant zombies
  16 adders
  10 gnolls
  A howler monkey skeleton (D:4)
  34 river rats
  4 shadow imps
  An ooze (D:4)
  An adder skeleton (D:6)
  3 worms
  2 dart slugs
  5 giant geckos
  42 orcs
  A ball python (D:4)
  7 bats
  2 giant cockroaches
  7 goblins
  7 hobgoblins (D:1)
  6 jackals
  4 quokkas
  2 giant gecko zombies
  2 giant newts (D:1)
  16 kobolds
  A quokka zombie (D:6)
  8 rats
339 creatures vanquished.

Vanquished Creatures (collateral kills)
  Urug (Lair:1)
  The ghost of WabbaWook the Spear-Bearer, a novice MfIE (D:5)
  A yak (D:10)
  A hippogriff (D:9)
  A hungry ghost (D:8)
  A black bear (D:7)
  A phantom (D:9)
  A giant frog (D:7)
  A killer bee (D:10)
  A crimson imp (D:7)
  An orc wizard (D:11)
  An iguana (D:10)
  2 orcs
14 creatures vanquished.

Vanquished Creatures (others)
  A hungry ghost (D:9)
  A necrophage (D:9)
  A centaur (D:9)
3 creatures vanquished.

Grand Total: 356 creatures vanquished

Notes
Turn   | Place    | Note
--------------------------------------------------------------
     0 | D:1      | LORDOFBUTT the Demonspawn Gladiator began the quest for the Orb.
     0 | D:1      | Reached XP level 1. HP: 16/16 MP: 1/1
   247 | D:1      | Gained mutation: You have a pair of small horns on your head. [demonic ancestry]
   247 | D:1      | Reached XP level 2. HP: 15/22 MP: 2/2
   359 | D:1      | Reached skill level 3 in Axes
   794 | D:1      | Gained mutation: When hurt, damage is shared between your health and your magic reserves. [demonic ancestry]
   794 | D:1      | Reached XP level 3. HP: 20/27 MP: 3/3
  1054 | D:2      | Reached skill level 1 in Armour
  1267 | D:2      | Found a radiant altar of Vehumet.
  1326 | D:2      | Gained mutation: You are partially covered in yellow scales. (AC +2) [demonic ancestry]
  1326 | D:2      | Reached XP level 4. HP: 34/34 MP: 4/4
  1410 | D:2      | Found an oddly glowing altar of Pakellas.
  1410 | D:2      | Found a sparkling altar of Nemelex Xobeh.
  1701 | D:3      | Found a burning altar of Makhleb.
  1838 | D:3      | Reached XP level 5. HP: 33/39 MP: 2/5
  1983 | D:3      | Found a deep blue altar of Sif Muna.
  2085 | D:4      | Noticed mkbehr's ghost (amateur TeAE)
  2089 | D:4      | Reached skill level 4 in Axes
  2460 | D:4      | Killed mkbehr's ghost
  2460 | D:4      | Reached skill level 1 in Stealth
  2460 | D:4      | Gained mutation: A weak demonic guardian rushes to your aid. [demonic ancestry]
  2460 | D:4      | Reached XP level 6. HP: 41/46 MP: 6/6
  2630 | D:4      | Reached XP level 7. HP: 27/52 MP: 5/7
  2685 | D:4      | Found a blossoming altar of Fedhas.
  2836 | D:4      | Reached skill level 5 in Axes
  2920 | D:5      | Entered Level 5 of the Dungeon
  3054 | D:5      | Noticed WabbaWook's ghost (novice MfIE)
  3065 | D:5      | Killed WabbaWook's ghost
  3065 | D:5      | Reached skill level 5 in Dodging
  3237 | D:5      | Gained mutation: You regenerate magic rapidly. [demonic ancestry]
  3237 | D:5      | Reached XP level 8. HP: 60/60 MP: 8/8
  3284 | D:5      | Found Zamachio's Antique Armour Shop.
  3379 | D:5      | Found a hazy altar of Hepliaklqana.
  3386 | D:5      | Reached skill level 6 in Axes
  3563 | D:5      | Gained mutation: You are dopey. (Int -2) [potion of mutation]
  3563 | D:5      | Gained mutation: You have large cloven feet. [potion of mutation]
  3563 | D:5      | Gained mutation: Your body sometimes deteriorates upon taking damage. [potion of mutation]
  3564 | D:5      | Lost mutation: Your body sometimes deteriorates upon taking damage. [potion of cure mutation]
  3564 | D:5      | Lost mutation: You are dopey. (Int -2) [potion of cure mutation]
  3618 | D:6      | Found an opulent altar of Gozag.
  3642 | D:6      | Found an iron altar of Okawaru.
  3644 | D:6      | Found an ancient bone altar of Kikubaaqudgha.
  3644 | D:6      | Found a shimmering altar of Xom.
  3791 | D:6      | Became a worshipper of Gozag Ym Sagoz the Greedy
  4361 | D:7      | Reached skill level 5 in Fighting
  4594 | D:7      | Gained mutation: You are mostly covered in yellow scales. (AC +3) [demonic ancestry]
  4594 | D:7      | Reached XP level 9. HP: 68/68 MP: 9/9
  4620 | D:7      | Reached skill level 7 in Axes
  4640 | D:7      | Found a staircase to the Ecumenical Temple.
  5611 | D:8      | Reached skill level 8 in Axes
  5611 | D:8      | Reached skill level 1 in Evocations
  6348 | D:9      | Noticed Pikel
  6360 | D:9      | Killed Pikel
  6360 | D:9      | Reached XP level 10. HP: 77/77 MP: 8/11
  6484 | D:9      | Noticed Bane13's ghost (novice DsVM)
  6518 | D:9      | Killed Bane13's ghost
  6718 | D:10     | Entered Level 10 of the Dungeon
  6803 | D:10     | Got a wavering amber ring
  7315 | D:10     | Noticed a hill giant
  7316 | D:10     | Found Heelacw's Antique Weapon Shoppe.
  7318 | D:10     | Found a staircase to the Lair.
  7325 | D:10     | Killed a hill giant
  7325 | D:10     | Reached skill level 9 in Axes
  7336 | D:10     | Bought a runed broad axe for 148 gold pieces
  7439 | D:10     | Noticed a hill giant
  7447 | D:10     | Killed a hill giant
  7769 | D:10     | Identified the ring of Pride {Ice Dex+6} (You found it on level 10 of the Dungeon)
  7966 | D:10     | Reached XP level 11. HP: 79/84 MP: 14/14
  8088 | D:11     | Noticed a cyan ugly thing
  8097 | D:11     | Noticed a wizard
  8097 | D:11     | Killed a cyan ugly thing
  8100 | D:11     | Killed a wizard
  8300 | D:11     | Gained mutation: Your mind is acute. (Int +2) [potion of beneficial mutation]
  8301 | D:11     | Gained mutation: You are completely covered in yellow scales. (AC +4, rCorr) [potion of beneficial mutation]
  8387 | D:11     | Noticed a red ugly thing
  8388 | D:11     | Reached skill level 10 in Axes
  9107 | D:11     | Killed a red ugly thing
  9139 | D:11     | Found a staircase to the Orcish Mines.
  9141 | D:11     | Reached skill level 5 in Evocations
  9212 | D:11     | Identified a scroll of acquirement
  9320 | Lair:1   | Entered Level 1 of the Lair of Beasts
  9441 | Lair:1   | Found a labyrinth entrance.
  9481 | Lair:1   | Noticed Urug
  9491 | Lair:1   | Killed Urug
  9491 | Lair:1   | Reached skill level 5 in Stealth
  9632 | Lab      | Entered a labyrinth
 10045 | Lab      | Noticed a minotaur
 10065 | Lab      | HP: 5/129 [minotaur/staff of power (13)]
 10065 | Lab      | HP: 1/129 [minotaur/staff of power (4)]
 10066 | Lab      | Killed a minotaur
 10120 | Lab      | Identified the Guide on the Snowflakes and Creation
 10233 | Lair:1   | Found an iron altar of Okawaru.
 10430 | Lair:1   | Reached skill level 5 in Armour
 10727 | Lair:2   | Gained mutation: You have a pair of horns on your head. [demonic ancestry]
 10727 | Lair:2   | Reached XP level 12. HP: 94/94 MP: 13/16
 10901 | Lair:2   | Found a hole to the Spider Nest.
 11058 | Lair:2   | Noticed an eight-headed hydra
 11099 | Lair:2   | Slain by a nine-headed hydra

Vault maps used:
D:1:      moated_graveyard_arrival, roderic_lattice_a, serial_bayou_ford_a,
          serial_bayou_crossing
D:2:      gammafunk_temple_overflow_elements, old_standard_altar
D:3:      led_sif_pool, makhleb_heckhound_becter
D:4:      fedhas_altar_4
D:5:      first_bread, serial_shops, shop, kennysheep_small_circle
D:6:      grunt_temple_overflow_open, nicolae_gozag_seed_capital
D:7:      minmay_temple_entry_glass, the_bakery
D:9:      uniq_pikel
D:10:     lair_0_dummy, serial_shops, nicolae_shop_trees
D:11:     erik_orc_2
D:12:     kennysheep_room_grid, serial_shops, shop, nicolae_for_you_no_charge
Lair:1:   basic_altar, lab_entry_generic, infiniplex_staircase_pool_2,
          grunt_megastairs_4, uniq_urug
Lair:2:   nicolae_spider_entry_non_spiders, lemuel_fruit_fields
Lab:      nicolae_lab_dead_adventurers, nicolae_lab_diamond,
          nicolae_lab_dead_end, nicolae_lab_grate_2

Skill      XL: |  1  2  3  4  5  6  7  8  9 10 11 |
---------------+----------------------------------+-----
Dodging        | 3 4 5 6 7 8 9 |  9.1
Axes           | 3 4 5 6 8 9 10 | 10.9
Throwing       | 2 |  2.0
Armour         | 1 2 3 4 5 |  5.2
Stealth        | 1 2 4 5 |  5.8
Fighting       | 3 4 5 6 7 8 |  8.6
Evocations     | 2 4 6 |  6.3

Action                   |  1- 3 |  4- 6 |  7- 9 | 10-12 || total
-------------------------+-------+-------+-------+-------++-------
Melee: War axe           |    97 |    99 |   287 |   109 ||   592
       Headbutt          |    13 |    17 |    64 |    80 ||   174
       Broad axe         |       |       |       |   253 ||   253
Invok: Call Merchant     |       |       |       |     2 ||     2
       Potion Petition   |       |       |       |     1 ||     1
Evoke: Wand              |       |       |       |    17 ||    17
  Use: Scroll            |       |     6 |     3 |    20 ||    29
       Potion            |       |       |     3 |     9 ||    12
 Stab: Sleeping          |     1 |       |     5 |    10 ||    16
       Distracted        |       |       |     3 |    12 ||    15
  Eat: Bread ration      |       |     1 |     2 |     1 ||     4
       Pizza             |       |       |     2 |       ||     2
       Beef jerky        |       |       |     1 |       ||     1
       Chunk             |       |       |     2 |       ||     2
       Meat ration       |       |       |     1 |     2 ||     3
Armor: Leather armour    |    32 |    43 |    81 |    51 ||   207
       Scale mail        |       |       |       |    18 ||    18
       Swamp dragon armo |       |       |       |    49 ||    49
Dodge: Dodged            |    68 |    95 |   204 |   297 ||   664
